 Dungeon Crawl Stone Soup version 0.28-a0-819-g6ef7baa362 (webtiles) character file.

Game seed: 2842870367942692494

217 meatgazer the Skirmisher (level 5, -4/44 HPs)
             Began as a Demonspawn Abyssal Knight on Nov 8, 2021.
             Was a Follower of Lugonu.
             Slain by a thrashing horror (6 damage)
             ... on level 3 of the Abyss.
             The game lasted 00:01:25 (179 turns).

meatgazer the Skirmisher (Demonspawn Abyssal Knight) Turns: 179, Time: 00:01:25

Health: -4/44      AC:  3    Str: 15    XL:     5   Next: 62%
Magic:  7/7        EV: 11    Int: 11    God:    Lugonu [*.....]
Gold:   0          SH:  4    Dex: 13    Spells: 4/4 levels left

rFire   . . .      SeeInvis .   a - +1 falchion
rCold   . . .      Faith    .   (no shield)
rNeg    . . .      Spirit   .   b - +0 leather armour
rPois   .          Reflect  .   (no helmet)
rElec   .          Harm     .   (no cloak)
rCorr   .          Rampage  .   (no gloves)
Will    .....                   (no boots)
Stlth   +.........              (no amulet)
HPRegen 0.14/turn               (no ring)
MPRegen 0.10/turn               (no ring)

@: no status effects
A: claws 1, foul stench 1, condensation shield
a: Renounce Religion, Depart the Abyss


You were on level 3 of the Abyss.
You worshipped Lugonu.
Lugonu was aware of your devotion.
You visited 0 branches of the dungeon, and saw 0 of its levels.
You visited the Abyss 1 time.

Inventory:

Hand Weapons
 a - a +1 falchion (weapon)
Armour
 b - a +0 leather armour (worn)
Wands
 e - a wand of acid (4)


   Skills:
 + Level 5.3 Fighting
 + Level 2.4 Long Blades
 + Level 2.5 Armour
 + Level 1.0 Dodging
 + Level 3.3 Invocations
 + Level 0.3 Evocations


You had 4 spell levels left.
You didn't know any spells.
Your spell library was empty.

Dungeon Overview and Level Annotations

Branches:
Dungeon (0/15)

Altars:


Innate Abilities, Weirdness & Mutations

You have sharp fingernails.
You may rarely emit foul miasma when damaged in melee.
A meltable shield of frost defends you. (SH +4)


Message History

The thrashing horror is heavily damaged.
A thrashing horror comes into view.
You block the thrashing horror's attack.
The thrashing horror barely misses you.
Aiming: Corrosive Bolt
Press: ? - help, Shift-Dir - straight line, f/p - thrashing horror
Aim: a thrashing horror (heavily damaged, covered in acid, 71% to hit)
The bolt of acid hits the thrashing horror!
The thrashing horror is heavily damaged.
The thrashing horror barely misses you. x2
Unknown command.
Found a fluorescent wand.
The thrashing horror roars!
You block the thrashing horror's attack.
The thrashing horror barely misses you.
You are a level 5 Demonspawn Abyssal Knight.
You are 62% of the way to level 6.
Play time: 00:01:17 (173 turns).
You have unlimited time to explore this branch.
The thrashing horror barely misses you. The thrashing horror tramples you.
You stumble backwards!
A small abomination comes into view.
The thrashing horror roars!
You block the thrashing horror's attack. x2
The thrashing horror tramples you.
You stumble backwards!
The thrashing horror misses you.
The thrashing horror tramples you but does no damage.
The small abomination hits you!
Found a gateway leading deeper into the Abyss.
The thrashing horror tramples you.
You stumble backwards!
The thrashing horror tramples you.
You stumble backwards!
There are no items here.
Found a gateway leading out of the Abyss.
The thrashing horror roars!
The thrashing horror tramples you!
* * * LOW HITPOINT WARNING * * *
You stumble backwards!
You hit the thrashing horror.
The thrashing horror is heavily damaged.
The thrashing horror barely misses you. The thrashing horror tramples you.
You die...

#..#.#... .....##
.......#.#..#...#..
.#......#..#.#...#
#...#.....x......#.
........../........
.... ..............
######## #..##..##
#XX##..# #X@.∩..#
.........###..#
###.....## #.....#
#...... ........
##..##### #.#


You could see 3 thrashing horrors and a small abomination.

Vanquished Creatures
  2 small abominations (Abyss:2)
2 creatures vanquished.

Notes
Turn   | Place    | Note
-------+----------+-------------------------------------------
     0 | Abyss:1  | meatgazer the Demonspawn Abyssal Knight began the quest for
                  | the Orb.
     0 | Abyss:1  | Reached XP level 1. HP: 18/18 MP: 2/2
    46 | Abyss:2  | Noticed a small abomination
    49 | Abyss:2  | Killed a small abomination
    50 | Abyss:2  | Reached skill level 4 in Fighting
    50 | Abyss:2  | Reached skill level 1 in Dodging
    50 | Abyss:2  | Gained mutation: A meltable shield of frost defends you.
                  | (SH +4) [demonic ancestry]
    50 | Abyss:2  | Reached XP level 2. HP: 26/26 MP: 2/4
    50 | Abyss:2  | Gained mutation: You may rarely emit foul miasma when
                  | damaged in melee. [demonic ancestry]
    50 | Abyss:2  | Reached XP level 3. HP: 31/31 MP: 2/5
    50 | Abyss:2  | Reached XP level 4. HP: 38/38 MP: 2/6
    70 | Abyss:2  | Noticed a vampire mage
   128 | Abyss:2  | Noticed a small abomination
   132 | Abyss:2  | Killed a small abomination
   133 | Abyss:2  | Reached skill level 5 in Fighting
   133 | Abyss:2  | Discovered your monstrous ancestry.
   133 | Abyss:2  | Gained mutation: You have sharp fingernails. [demonic
                  | ancestry]
   133 | Abyss:2  | Reached XP level 5. HP: 44/44 MP: 7/7
   166 | Abyss:3  | Noticed a thrashing horror
   168 | Abyss:3  | Noticed a thrashing horror
   170 | Abyss:3  | Noticed a thrashing horror
   178 | Abyss:3  | HP: 2/44 [thrashing horror (12)]
   179 | Abyss:3  | Slain by a thrashing horror

Illustrated notes

Levels and vault maps discovered:
Abyss:3:  base: Temple, evilmike_abyss_exit_plants,
          gammafunk_abyss_rune_reverse_zot, hangedman_abyss_stitches_cave

Skill      XL: |  1  2  3  4 |
---------------+-------------+-----
Fighting       | 4 5 |  5.3
Long Blades    | 2 |  2.4
Armour         | 2 |  2.5
Dodging        | 1 |  1.0
Invocations    | 3 |  3.3
Evocations     | |  0.3

Action                   |  1- 3 |  4- 6 || total
-------------------------+-------+-------++-------
Melee: Falchion          |       |     1 ||     1
Evoke: Wand              |     2 |     7 ||     9
  Use: Scroll            |     1 |     1 ||     2
Armor: Leather armour    |       |     1 ||     1
Dodge: Dodged            |       |     7 ||     7
Block: Other             |       |     4 ||     4

Table legend: (Time is in decaauts)
 A = Elapsed time spent in this place.
 B = Non-inter-level travel time spent in this place.
 C = Inter-level travel time spent in this place.
 D = Time resting spent in this place.
 E = Time spent auto-exploring this place.
 F = Levels seen in this place.
 G = Mean time per level.
                   A        B        C        D        E       F      G
               +--------+--------+--------+--------+--------+-----+--------+
         Total |    178 |    178 |      0 |     33 |     92 |   3 |   59.3 |
         Abyss |    178 |    178 |      0 |     33 |     92 |   3 |   59.3 |
               +--------+--------+--------+--------+--------+-----+--------+

Top non-repeatable levels by time:
 Abyss:2: 104 daAuts
 Abyss:3: 43 daAuts
 Abyss:1: 30 daAuts
